[Event "Early-Titled-Tuesday-Blitz-March-12-2024"]
[Site "Chess.com"]
[Date "2024.03.12"]
[Round "1"]
[White "KuzubovYuriy"]
[Black "toninhojit"]
[Result "0-1"]
[WhiteElo "2899"]
[BlackElo "2539"]
[TimeControl "180+1"]
[EndTime "8:08:39 PDT"]
[Termination "toninhojit won by resignation"]

1. d4 Nf6 2. Nf3 c5 3. d5 e6 4. dxe6 fxe6 5. g3 d5 6. Bg2 Be7 7. O-O O-O 8. Nbd2 Nc6 9. Re1 e5 10.
e4 d4 11. c3 h6 12. cxd4 cxd4 13.
h3 Be6 14. Nh4 Qd7 15. Kh2 Bd8 16. Ndf3 Bc7 17. Bd2 Rac8 18. b4 a6 19. a4 Bd6 20.
b5 Ne7 21. bxa6 bxa6 22. Ng1 Rc6 23. Qe2 Rfc8 24. Red1 Bc4 25. Qe1 Bb3 26. Rdb1 Bc2 27. Rb2 Bd3 28. Bb4 Rc2 29. Rxc2 Rxc2 30. Qd1 Bxb4 31.
Qxd3 Qc6 32. Rf1 Qc4 33. Qxc4+ Rxc4 34. Ngf3 Bd6 35. Ra1 a5 36. Kg1 Rb4 37. Ne1 Nc6 38. Nf5 Bf8 39. Bf1 Nxe4 40. Bg2 Nd6 41. Nxd6 Bxd6 42.
Bxc6 Rb2 43. Be4 Bb4 44. Nd3 Re2 45. f3 Bd2 46. Kf1 Rh2 47. Rd1 Be3 48. h4 Rh1+ 49. Ke2 Rh2+ 50. Nf2 Rxf2+ 51. Kd3 Rb2 52. Bc6 Kf8 53. Ke4 Rb6 54. Bb5 Bf2 55. g4 Bg3 56. h5 Bf4 57. Kd5 Ke7 58. Re1 Kf6 59. Re2 Rb8 60. Rc2 Rd8+ 61. Ke4 d3 62. Rc6+ Kg5 63. Rg6+ Kh4 64. Bxd3 Rd4+ 65. Kf5 Rxd3 66. Rxg7 Rxf3 67. Ke4 Rf1 68. Ra7 Bd2 69. Kxe5 Kxg4 70. Rd7 Bb4 71. Rd5 Kxh5 72. Ke4+ Kg4 73. Rd8 Re1+ 74. Kd5 Rd1+ 75. Ke6 Rxd8 0-1

[Event "Early-Titled-Tuesday-Blitz-March-12-2024"]
[Site "Chess.com"]
[Date "2024.03.12"]
[Round "1"]
[White "Alexchess1984"]
[Black "eightbyeightchess"]
[Result "1-0"]
[WhiteElo "2755"]
[BlackElo "2402"]
[TimeControl "180+1"]
[EndTime "8:08:45 PDT"]
[Termination "Alexchess1984 won by resignation"]

1. e4 e6 2. d4 d5 3. e5 c5 4. c3 Qb6 5. Nf3 Bd7 6. Be2 Bb5 7.
dxc5 Bxc5 8. b4 Bf8 9. Be3 Bxe2 10. Qxe2 Qa6 11. Qb2 Ne7 12. b5 Qa5 13. O-O Nf5 14.
Bd2 Qc7 15. a4 Bc5 16. Na3 Nd7 17. Nc2 Nxe5 18. Nxe5 Qxe5 19. Nb4 O-O 20. Nd3 Qd6 21. Bf4 Qe7 22. Rfe1 Rac8 23. Nxc5 Qxc5 24. Bd2 Nd6 25. Qb3 Ne4 26. Be3 Qxc3 27. Qxc3 Rxc3 28. Bxa7 Ra8 29. Be3 Rb3 30. Bd4 Rb4 31. Be5 Rbxa4 32. Rxa4 Rxa4 33. Rc1 Rc4 34. Ra1 f6 35. Bb8 Rb4 36. f3 Nd2 37. Ra8 Kf7 38. Bd6 Rxb5 39. h4 h5 40. Rf8+ Kg6 41. Re8 e5 42. Rc8 d4 43. Rc7 d3 44.
Kf2 Nb3 45. Bf8 d2 46. g4 hxg4 47. fxg4 f5 48. Rxg7+ Kf6 49. g5+ Ke6 50. Ke2 Kd5 51. Rd7+ Ke4 52. g6 Ra5 53. g7 Ra1 54. g8=Q Re1+ 55.
Kf2 d1=Q 56. Rxd1 Rxd1 57. Qxb3 Rd2+ 58. Ke1 Rd3 59. Qxb7+ Ke3 60. Bc5+ Kf4 61. Qh7 e4 62. Qh6+ Kf3 63. Qh5+ Kf4 64. Qg5+ Kf3 65. Qxf5+ 1-0

[Event "Early-Titled-Tuesday-Blitz-March-12-2024"]
[Site "Chess.com"]
[Date "2024.03.12"]
[Round "1"]
[White "MightyMike_009"]
[Black "Aisen1011"]
[Result "1-0"]
[WhiteElo "2862"]
[BlackElo "2480"]
[TimeControl "180+1"]
[EndTime "8:08:46 PDT"]
[Termination "MightyMike_009 won by resignation"]

1. d4 Nf6 2. c4 g6 3. Nc3 d5 4. cxd5 Nxd5 5. e4 Nxc3 6. bxc3 Bg7 7. Nf3 c5 8. h3 Nc6 9. Be3 cxd4 10. cxd4 Qa5+ 11. Bd2 Qa3 12. d5 Nb4 13. Bb5+ Bd7 14.
Bxd7+ Kxd7 15. Rb1 Nd3+ 16. Kf1 Rhb8 17. Rb3 Qa6 18.
Qe2 Nc5 19. Qxa6 bxa6 20. Ra3 Rb2 21. Ke2 Nxe4 22. Rxa6 Nc3+ 23. Kd3 Nxd5 24. Rd1 Ke8 25. Ra5 Nb4+ 26. Bxb4 Rxb4 27. Ke2 Rb2+ 28. Kf1 Rb7 29. Rad5 e6 30. R5d3 Rab8 31. Nd2 Rb2 32. a4 Ra2 33. Nc4 Bf6 34. Nd6+ Kf8 35. Rf3 Kg7 36. g4 Ra1 37. Rxa1 Bxa1 38. Rxf7+ Kg8 39. Rxa7 Rb1+ 40. Kg2 Bd4 41.
Ra8+ Kg7 42. Ne4 Rb2 43. a5 Ra2 44. a6 h5 45. Kg3 hxg4 46. hxg4 Ra3+ 47. f3 Be5+ 48.
Kg2 Bf4 49. Ra7+ Kh6 50. Nf6 Ra2+ 51. Kf1 Be3 52. Rh7+ Kg5 53. Ne4+ Kf4 54. Rf7+ Ke5 55. g5 Rxa6 56. Rf6 Kd4 57. Rxg6 Ra1+ 58. Kg2 Ra2+ 59.
Kg3 e5 60. Rd6+ Kc4 61. g6 Bf4+ 62. Kg4 Rg2+ 63. Kf5 Rg1 64. Rd7 Rf1 65. g7 Rg1 66. Nf6 Bh6 67. g8=Q+ Rxg8 68. Nxg8 Bf4 69. Ke4 Kc5 70. Nf6 Kc6 71. Rd3 Kc7 72. Ng4 Kc6 73.
Nxe5+ Kc5 74. Kxf4 1-0

[Event "Early-Titled-Tuesday-Blitz-March-12-2024"]
[Site "Chess.com"]
[Date "2024.03.12"]
[Round "1"]
[White "ChessQueen"]
[Black "Cheer_Down"]
[Result "1/2-1/2"]
[WhiteElo "2758"]
[BlackElo "2422"]
[TimeControl "180+1"]
[EndTime "8:08:52 PDT"]
[Termination "Game drawn by repetition"]

1. Nf3 d5 2. g3 Nf6 3. Bg2 e6 4. O-O Be7 5. d3 O-O 6. Bf4 c5 7. a4 Nc6 8. e4 b6 9. Nc3 Bb7 10. e5 Nd7 11. Re1 a6 12. h4 h6 13.
Qd2 Re8 14. Nh2 Bf8 15. Ng4 Re7 16. h5 Rb8 17. Ne2 b5 18. axb5 axb5 19. d4 cxd4 20. Nxd4 Nxd4 21. Qxd4 Qb6 22. Be3 Qxd4 23. Bxd4 Ree8 24.
Bf1 Bc6 25. Ra6 Rec8 26. c3 Nc5 27. Ra7 b4 28. c4 Nb3 29. Be3 dxc4 30. Bxc4 Nc5 31.
Rea1 Bf3 32. Nh2 Bxh5 33. g4 Bg6 34. Nf3 b3 35. Nh4 Bc2 36. Ng2 Nd3 37. Bxd3 Bxd3 38. Nf4 Be4 39. R1a4 Bc6 40. Rc4 Bf3 41. Rxc8 Rxc8 42.
Kh2 Bxg4 43. Rb7 Bd1 44. Nd3 Bc2 45. Nf4 g6 46. Ne2 Bg7 47. Bd4 g5 48. Bc3 Rd8 49. Ng3 Rd5 50. Rb8+ Kh7 51. Rb7 Kg6 52. f4 gxf4 53. Ne2 Bxe5 54. Bxe5 Rxe5 55. Nxf4+ Kf6 56. Kg3 Rg5+ 57. Kh4 Rc5 58. Nh5+ Kg6 59. Nf4+ Kg7 60. Nh5+ Kg6 61. Nf4+ Kf5 62. Rxf7+ Ke5 63. Kg3 Bf5 64. Rb7 Bc2 65. Rb6 Bf5 66. Rxb3 Kf6 67. Rb6 Ra5 68. Ne2 Kg5 69. Nc3 Ra1 70. b4 h5 71. b5 h4+ 72. Kf2 Ra3 73. Ne2 Ra2 74. Ke3 Ra3+ 75. Kf2 h3 76. Rb8 Ra2 77. Ke3 Ra3+ 78.
Kf2 Ra2 79. Ke3 Ra3+ 80. Kf2 1/2-1/2

[Event "Early-Titled-Tuesday-Blitz-March-12-2024"]
[Site "Chess.com"]
[Date "2024.03.12"]
[Round "1"]
[White "Koalaskakistis"]
[Black "Rikikits"]
[Result "1/2-1/2"]
[WhiteElo "2532"]
[BlackElo "2869"]
[TimeControl "180+1"]
[EndTime "8:09:07 PDT"]
[Termination "Game drawn by repetition"]

1. e4 c6 2. d4 d5 3. Nc3 dxe4 4. Nxe4 Nf6 5. Nxf6+ exf6 6. c3 Bd6 7. Bd3 O-O 8.
Qc2 Re8+ 9. Ne2 h5 10. Be3 Nd7 11.
O-O-O b5 12. d5 c5 13. Bxb5 Rb8 14. Bc6 Qa5 15. Qa4 Qb6 16. Rd2 Rxe3 17. fxe3 Ne5 18.
Nf4 Ba6 19. Rhd1 Nc4 20. b3 Nxd2 21. Kxd2 c4 22. b4 Bc8 23. h3 h4 24. Qc2 a5 25. a3 Qc7 26. Qe4 Be5 27. Qxc4 axb4 28. axb4 Ra8 29. d6 Bxd6 30. Nd5 Ra2+ 31. Qxa2 Qxc6 32.
Ke1 Be6 33. c4 f5 34. c5 Bf8 35. Qc4 Qa4 36. c6 Qa7 37. b5 Qa5+ 38. Ke2 Qa3 39. c7 Bc8 40. b6 Ba6 41. Rd4 Qa2+ 42. Kd3 Qb1+ 43. Kc3 Qc1+ 44. Kd3 Qf1+ 45. Kc3 Qe1+ 46.
Kd3 Qd1+ 47. Kc3 Qc1+ 48. Kd3 Bxc4+ 49. Rxc4 Qd1+ 50. Kc3 Qxd5 51. c8=Q Qa5+ 52. Kd3 Qxb6 53. Qe8 Qd6+ 54. Kc2 g6 55. Rc8 Kg7 56. Qc6 Qe5 57. Qc3 Bd6 58. Qxe5+ Bxe5 59. Kd3 Bg3 60. e4 fxe4+ 61.
Kxe4 Kf6 62. Rc6+ Kg7 63. Kd5 Kf8 64. Ra6 Kg7 65. Ra7 Kf6 66. Ra6+ Kg7 67. Kc6 Kf6 68. Kd7+ Ke5 69. Ke7 g5 70. Kxf7 Kf5 71. Ra5+ Kf4 72. Kg6 Ke3 73. Rf5 Bf4 74. Kh5 Kf2 75. Rxg5 Bg3 76.
Rb5 Kxg2 77. Kg4 Kf2 78. Rb2+ Ke3 79. Rg2 Ke4 80. Ra2 Ke5 81. Ra8 Ke6 82. Kg5 Ke5 83.
Ra6 Ke4 84. Ra4+ Ke5 85. Rg4 Ke6 86. Ra4 Ke5 87. Ra6 Ke4 88. Ra4+ Ke5 1/2-1/2

[Event "Early-Titled-Tuesday-Blitz-March-12-2024"]
[Site "Chess.com"]
[Date "2024.03.12"]
[Round "1"]
[White "GilbertoHernandezAmura"]
[Black "Hovik_Hayrapetyan"]
[Result "0-1"]
[WhiteElo "2467"]
[BlackElo "2842"]
[TimeControl "180+1"]
[EndTime "8:09:31 PDT"]
[Termination "Hovik_Hayrapetyan won by resignation"]

1. d4 Nf6 2. Bg5 d5 3. Bxf6 exf6 4. Nf3 Bd6 5. e3 O-O 6. Bd3 f5 7. O-O g6 8. c4 dxc4 9. Bxc4 Nd7 10. Nc3 c6 11. a3 a5 12. Re1 Nf6 13. d5 Bd7 14.
Qd4 Qe7 15. Rad1 Rfd8 16. e4 Bc5 17. d6 Qxd6 18. Qxd6 Bxd6 19. Rxd6 Nxe4 20. Nxe4 fxe4 21.
Ng5 Be8 22. Rxd8 Rxd8 23. Nxe4 Kg7 24. g4 b5 25. Bf1 Rd4 26. h3 f5 27. Nc5 Bf7 28.
gxf5 gxf5 29. Re7 Kf6 30. Rc7 Bd5 31. Bg2 Rd1+ 32. Kh2 Rd2 33. Bxd5 cxd5 34. Kg2 Rxb2 35. Rd7 Ra2 36. Rb7 Rxa3 37. Rxb5 Ke5 38. Nb7 a4 39. Ra5 Ra1 40. Nc5 a3 41. Kf3 Kd6 42. Nd3 Kc6 43. h4 d4 44. Rxf5 Kb6 45. Rf8 Kb7 46.
Rf7+ Kb6 47. Rf8 Kb7 48. Re8 a2 49. Re2 Rd1 50. Nc5+ Kc6 51. Rxa2 Kxc5 52. Ra7 Kc4 53. Rxh7 Kd3 54. Rd7 Rh1 55. Rh7 Kc2 56. Ke4 d3 57. Ke3 Rh3+ 58. f3 d2 59. Rc7+ Kd1 60. Rd7 Rh2 61. h5 Ke1 62. Rxd2 Rxd2 63. Kf4 Rh2 64.
Kg5 Kf2 65. f4 Kf3 66. f5 Ke4 67. h6 Ke5 68. Kg6 Rg2+ 69. Kf7 Kxf5 70. h7 Rh2 71. Kg8 Rg2+ 72. Kf8 Rh2 73. Kg8 Kg6 74. h8=Q Re2 75. Qg7+ Kf5 76. Qf7+ Ke4 77. Qg6+ Kf3 78. Kf7 Re4 79.
Qh5+ Ke3 80. Kf6 Rc4 81. Qh3+ Kd4 82. Qg2 Rc5 83. Ke6 Re5+ 84. Kd6 Re3 85. Qe2 Rxe2 0-1

[Event "Early-Titled-Tuesday-Blitz-March-12-2024"]
[Site "Chess.com"]
[Date "2024.03.12"]
[Round "1"]
[White "AlexPapasimakopoulos"]
[Black "cthulhuuu"]
[Result "0-1"]
[WhiteElo "2710"]
[BlackElo "2394"]
[TimeControl "180+1"]
[EndTime "8:09:31 PDT"]
[Termination "cthulhuuu won by checkmate"]

1. d4 Nf6 2. c4 e5 3. dxe5 Ng4 4. e3 Nxe5 5. Nh3 d5 6. Qxd5 Qe7 7. Nf4 g5 8. Nh5 Nbc6 9. Nc3 Nb4 10. Qd1 Bg4 11. Be2 Nbd3+ 12. Kf1 Bxh5 13. Bxh5 g4 14. Bxg4 Qh4 15.
g3 Qxg4 16. Qxg4 Nxg4 17. Nd1 O-O-O 18. Ke2 Bg7 19. h3 Nge5 20. Rb1 Nxc4 21. b3 Nxc1+ 22. Rxc1 Nb6 23. Rc2 c6 24. Nb2 Bxb2 25. Rxb2 Rd7 26.
g4 Rhd8 27. g5 Nd5 28. Rc2 Nb4 29. Rb2 Nd3 30. Rc2 Nb4 31. Rb2 Nd5 32. Rc1 Kc7 33. h4 b5 34. a3 a5 35. Rbc2 Rd6 36. Rc5 Kb6 37. Kf3 b4 38. axb4 axb4 39. R5c4 f6 40. Rg1 fxg5 41. hxg5 Rf8+ 42. Ke2 Nc3+ 43. Kf1 Rd1+ 44.
Kg2 Rxg1+ 45. Kxg1 c5 46. Rh4 Rg8 47. f4 Rg7 48. Kf2 c4 49. Rh6+ Rg6 50. Rxh7 cxb3 51. Rh6 Rxh6 52. gxh6 b2 53. h7 b1=Q 54. h8=Q Qc2+ 55.
Kf3 Qd1+ 56. Kg3 Qg1+ 57. Kf3 Qf1+ 58. Kg3 Qc4 59. f5 Kb5 60. Qb8+ Ka4 61. f6 Ne4+ 62. Kf4 Nc5+ 63. Kg5 Qd5+ 64. Kg6 Qe4+ 65. Kg7 Qc6 66. f7 Qd7 67. Qa8+ Kb3 68. Qf3 Ne6+ 69. Kh6 Qd8 70. e4+ Ka4 71. Qg3 Qf8+ 72. Kg6 Nd8 73. Kg5 Kb5 74.
Qf4 Qg7+ 75. Kh4 Qh7+ 76. Kg3 Qg7+ 77. Kh2 Qxf7 78. Qb8+ Nb7 79. e5 b3 80. Qc7 Qxc7 81.
Kg2 Qxe5 82. Kf3 b2 83. Kg2 b1=Q 84. Kh3 Qbf5+ 85. Kh4 Qef6+ 86. Kg3 Q5g5+ 87. Kh3 Qfh6# 0-1

[Event "Early-Titled-Tuesday-Blitz-March-12-2024"]
[Site "Chess.com"]
[Date "2024.03.12"]
[Round "1"]
[White "ViktoriyaTarasova"]
[Black "NikitaShnadrygin"]
[Result "0-1"]
[WhiteElo "2310"]
[BlackElo "2683"]
[TimeControl "180+1"]
[EndTime "8:09:49 PDT"]
[Termination "NikitaShnadrygin won by checkmate"]

1. d4 d5 2. c4 Nc6 3. cxd5 Qxd5 4. e3 e5 5. Nc3 Bb4 6. a3 Bxc3+ 7. bxc3 Nf6 8. Ne2 O-O 9. Ng3 Re8 10. c4 Qd6 11. d5 Ne7 12. Be2 c6 13. e4 b6 14. O-O Nd7 15. a4 Nc5 16. a5 Ba6 17.
axb6 axb6 18. Bb2 Red8 19. Qd2 Nb3 20. Qe3 Nxa1 21. Rxa1 Qc7 22. Nh5 Ng6 23. Rc1 c5 24. Ng3 Bc8 25. Nf5 f6 26. Qg3 Nf4 27. Bf1 Ra2 28.
Bc3 Bxf5 29. exf5 Ne2+ 30. Bxe2 Rxe2 31. Ra1 b5 32. Qd3 b4 33. Qxe2 bxc3 34. Qd3 Rb8 35. Qxc3 h6 36. h3 Kh7 37. Re1 Rb4 38. Qg3 Qd7 39. Qg6+ Kg8 40. Rc1 Rb2 41. Qg3 Qxf5 42. Qe3 h5 43. Qxc5 Rd2 44. Qe3 Rd3 45. Qe2 Rd4 46. Qa2 Qe4 47. c5 Qxd5 48. Qxd5+ Rxd5 49. c6 Rd8 50. Kf1 Rc8 51. Ke2 Kf7 52. Ke3 Ke6 53.
Ke4 g6 54. g4 hxg4 55. hxg4 Kd6 56. f4 exf4 57. Kxf4 Rxc6 58. Rd1+ Ke6 59. Re1+ Kf7 60.
Ra1 g5+ 61. Kf3 Rc3+ 62. Kf2 Ke6 63. Ra6+ Kf7 64. Ra5 Rd3 65. Kg2 Rd4 66. Kg3 Ke6 67.
Kf3 Rd6 68. Rb5 Rc6 69. Ra5 Rc4 70. Kg3 Rd4 71. Rb5 Rd5 72. Rb6+ Ke5 73. Rb1 Rd3+ 74. Kg2 Ke4 75. Rf1 Rd6 76. Kg3 Rd3+ 77. Kg2 Ke5 78. Rf2 Rd4 79. Kg3 Rd3+ 80. Kg2 Ke6 81. Rf1 Rd4 82. Kg3 Re4 83. Rf2 Re5 84. Rf1 Rb5 85. Re1+ Kf7 86. Rf1 Kg6 87. Kg2 Rb4 88. Kg3 Rb2 89. Kf3 Rh2 90. Kg3 Rh4 91. Ra1 Rh8 92. Ra2 Rd8 93. Ra6 Rd3+ 94. Kg2 Kf7 95. Rb6 Ke7 96. Ra6 Rd6 97. Ra7+ Ke6 98. Ra5 Rd5 99.
Ra6+ Ke5 100. Ra4 Rd4 101. Ra5+ Kf4 102. Rf5+ Kxg4 103. Rxf6 Rd2+ 104. Kg1 Kg3 105. Ra6 Rd1# 0-1

[Event "Early-Titled-Tuesday-Blitz-March-12-2024"]
[Site "Chess.com"]
[Date "2024.03.12"]
[Round "1"]
[White "IndianSchoolOfSuffering"]
[Black "ValentunHulka"]
[Result "1/2-1/2"]
[WhiteElo "2408"]
[BlackElo "2727"]
[TimeControl "180+1"]
[EndTime "8:10:07 PDT"]
[Termination "Game drawn by 50-move rule"]

1. e4 c5 2. Nf3 Nc6 3. Bb5 g6 4. O-O Bg7 5. Bxc6 bxc6 6. d3 Qc7 7.
Nc3 e5 8. Be3 d6 9. a3 a5 10.
Qd2 Ne7 11. Bh6 O-O 12. Bxg7 Kxg7 13. Nd1 h6 14. Ne3 f5 15. b4 axb4 16. axb4 Rxa1 17. Rxa1 cxb4 18. Qxb4 Be6 19. exf5 Nxf5 20. Nxf5+ Bxf5 21. Nd2 Rb8 22. Qc3 Qb6 23. Nc4 Qb1+ 24. Qe1 Qxe1+ 25. Rxe1 Rd8 26. f3 Kf6 27. Kf2 Be6 28. Nd2 Rb8 29.
Rb1 Ra8 30. Rb6 Bd7 31. Rb2 Ke6 32. Ne4 Ra7 33. c4 Ra5 34. Rc2 d5 35. cxd5+ cxd5 36. Nc5+ Kd6 37. Nxd7 Kxd7 38. Ke3 Kd6 39. Rb2 Kc6 40.
Rc2+ Rc5 41. Ra2 Kb6 42. Ra8 Rc2 43. Rb8+ Kc7 44. Rg8 Rxg2 45. d4 exd4+ 46. Kxd4 Kd6 47. Rd8+ Ke7 48. Rh8 Rxh2 49. Kxd5 Kf6 50. Ke4 Rh4+ 51.
Ke3 h5 52. Rf8+ Kg7 53. Rb8 Ra4 54. Rb5 Kh6 55. Kf2 h4 56. Kg2 g5 57. Rb8 Ra2+ 58.
Kh3 Rf2 59. Rf8 Kh5 60. Rh8+ Kg6 61. Rf8 Rf1 62. Kg2 Rc1 63. Rg8+ Kf6 64. Rf8+ Kg7 65. Rf5 Kg6 66. Rb5 Rc2+ 67. Kg1 h3 68. Rb8 Kf5 69.
Rf8+ Ke5 70. Rh8 Kf4 71. Rxh3 Rd2 72. Kf1 Ra2 73. Kg1 Ra3 74. Kg2 Rb3 75. Kf2 Rb2+ 76. Kg1 Ra2 77. Kf1 Rc2 78. Kg1 Rd2 79. Kf1 Rd1+ 80.
Kg2 Rd3 81. Kf2 Re3 82. Rg3 Ra3 83. Rg4+ Kf5 84. Rb4 Ra2+ 85. Kg3 Ra5 86. Rc4 Rd5 87. Rb4 Rd3 88. Rb5+ Kf6 89. Rc5 Rd4 90. Rb5 Kg6 91.
Rc5 Rb4 92. Rd5 Rc4 93. Rb5 Rd4 94. Rc5 Kh5 95. Rb5 Rd1 96. Rc5 Rg1+ 97. Kf2 Ra1 98. Kg3 Ra3 99. Rc4 Rb3 100. Rd4 Rc3 101. Re4 Rd3 102. Rc4 Re3 103. Rd4 Ra3 104. Rb4 Kg6 105. Rb6+ Kf5 106. Rb5+ Kf6 107. Rb6+ Kg7 108. Rb7+ Kg6 109. Rb6+ Kh5 110. Rb4 Rc3 111. Rd4 Ra3 112. Re4 Rc3 113. Rd4 Rb3 114. Rc4 Rd3 115. Rb4 Ra3 116. Rc4 Rb3 117. Rd4 Rb5 118. Rc4 Rd5 119. Re4 Rf5 120. Rd4 Rf6 121. Rc4 1/2-1/2

[Event "Early-Titled-Tuesday-Blitz-March-12-2024"]
[Site "Chess.com"]
[Date "2024.03.12"]
[Round "2"]
[White "bobo_panda"]
[Black "Er_is_geen_hoop_meer"]
[Result "1-0"]
[WhiteElo "2296"]
[BlackElo "2520"]
[TimeControl "180+1"]
[EndTime "8:11:32 PDT"]
[Termination "bobo_panda won by resignation"]

1. e4 c6 2. Nf3 d5 3. exd5 cxd5 4.
d4 Nc6 5. Bb5 Bg4 6. h3 Bxf3 7.
Qxf3 e6 8. c3 Bd6 9. O-O Ne7 10.
Nd2 O-O 11. Qe2 a6 12. Bd3 b5 13. a3 Nf5 14. Nf3 f6 15. Qxe6+ 1-0

[Event "Early-Titled-Tuesday-Blitz-March-12-2024"]
[Site "Chess.com"]
[Date "2024.03.12"]
[Round "2"]
[White "crazyluzhinTh3"]
[Black "HanSchut"]
[Result "1-0"]
[WhiteElo "2552"]
[BlackElo "2307"]
[TimeControl "180+1"]
[EndTime "8:11:37 PDT"]
[Termination "crazyluzhinTh3 won by resignation"]

1. e4 c5 2. Nf3 d6 3. Bc4 Nf6 4. Qe2 e6 5. Bb3 Be7 6. O-O O-O 7. c3 Nc6 8. d4 cxd4 9. cxd4 d5 10. e5 Ne4 11. Nc3 Nxc3 12. bxc3 Bd7 13. Bc2 Na5 14. Qd3 g6 15. Qe3 Nc4 16. Qh6 f5 17. Ng5 Rf7 18. Nxf7 Kxf7 19. Qxh7+ Kf8 20. Bh6+ 1-0

[Event "Early-Titled-Tuesday-Blitz-March-12-2024"]
[Site "Chess.com"]
[Date "2024.03.12"]
[Round "2"]
[White "enriquebutti"]
[Black "QuintilianoR"]
[Result "0-1"]
[WhiteElo "2208"]
[BlackElo "2737"]
[TimeControl "180+1"]
[EndTime "8:12:59 PDT"]
[Termination "QuintilianoR won by resignation"]

1. d4 Nf6 2. Nf3 e6 3. e3 c5 4. Bd3 b6 5. O-O Bb7 6. b3 Nc6 7. a3 d5 8. Bb2 Bd6 9. Nbd2 O-O 10. Ne5 Rc8 11. f4 Ne7 12. c4 cxd4 13. exd4 Nf5 14. Qe2 Be7 15. cxd5 Nxd5 16. Rf3 Nc3 17. Bxc3 Bxf3 18. Ndxf3 Rxc3 0-1

[Event "Early-Titled-Tuesday-Blitz-March-12-2024"]
[Site "Chess.com"]
[Date "2024.03.12"]
[Round "2"]
[White "Byniolus"]
[Black "Koalaskakistis"]
[Result "1-0"]
[WhiteElo "2815"]
[BlackElo "2529"]
[TimeControl "180+1"]
[EndTime "8:13:33 PDT"]
[Termination "Byniolus won by resignation"]

1. d4 Nf6 2. Nf3 g6 3. Bf4 Bg7 4. e3 O-O 5. Be2 d6 6. h3 b6 7. O-O Bb7 8. a4 a5 9. c3 Nbd7 10.
Bh2 Re8 11. Na3 e5 12. Qb3 Qe7 13. Rfd1 e4 14. Nd2 h5 15. Nb5 Rac8 16. Rac1 Nh7 17. Qa3 Ng5 18. Bf1 Nf6 19. b4 Nd5 20. bxa5 bxa5 21.
Nb3 c6 22. Nxd6 Rcd8 23. c4 1-0

[Event "Early-Titled-Tuesday-Blitz-March-12-2024"]
[Site "Chess.com"]
[Date "2024.03.12"]
[Round "2"]
[White "Mysterio47"]
[Black "northridgehawk"]
[Result "1-0"]
[WhiteElo "2760"]
[BlackElo "2346"]
[TimeControl "180+1"]
[EndTime "8:13:37 PDT"]
[Termination "Mysterio47 won by resignation"]

1. d4 Nf6 2. Nc3 d5 3. Bf4 e6 4. Nb5 Na6 5. e3 c5 6. c3 Be7 7.
Nf3 O-O 8. Ne5 Nd7 9. Bd3 Nxe5 10. Bxe5 Bd7 11. a4 Bxb5 12. axb5 Nc7 13. Qh5 g6 14. Qh6 f6 15. Bg3 Rf7 16. b6 axb6 17. Rxa8 Nxa8 18. O-O Nc7 19. Ra1 Ne8 20. Ra7 Bf8 21.
Qf4 Bd6 22. Qf3 Bf8 23. Qd1 Ng7 24. Qa4 Nh5 25. Ra8 Qd7 26. Bb5 Qe7 27. Re8 Nxg3 28. Rxe7 1-0

[Event "Early-Titled-Tuesday-Blitz-March-12-2024"]
[Site "Chess.com"]
[Date "2024.03.12"]
[Round "2"]
[White "Defend1r"]
[Black "MikeWizard"]
[Result "1-0"]
[WhiteElo "2732"]
[BlackElo "2082"]
[TimeControl "180+1"]
[EndTime "8:13:53 PDT"]
[Termination "Defend1r won by checkmate"]

1. e4 d6 2. d4 Nf6 3. Nc3 Nbd7 4. Nf3 e5 5. Bc4 Be7 6. a4 c6 7. O-O h6 8. h3 Nf8 9. dxe5 dxe5 10. Nxe5 Be6 11. Qe2 Qc7 12. Bf4 Bd6 13. Nxf7 Bxf7 14. e5 Bxc4 15. Qxc4 Bxe5 16. Bxe5 Qxe5 17. Rfe1 Qxe1+ 18. Rxe1+ Kd7 19. Qd4+ Kc7 20. Re7+ N8d7 21. Ne4 Rad8 22. Nc5 Rhe8 23. Ne6+ Kc8 24. Qd6 Rxe7 25. Qc7# 1-0

[Event "Early-Titled-Tuesday-Blitz-March-12-2024"]
[Site "Chess.com"]
[Date "2024.03.12"]
[Round "2"]
[White "VD_coach"]
[Black "PetrolulSah"]
[Result "1-0"]
[WhiteElo "2516"]
[BlackElo "2218"]
[TimeControl "180+1"]
[EndTime "8:13:55 PDT"]
[Termination "VD_coach won by resignation"]

1. d4 d5 2. c4 c6 3. Nf3 Nf6 4. Nc3 dxc4 5. e4 b5 6. e5 Nd5 7. Ng5 Bf5 8. Qf3 e6 9. Nxf7 Kxf7 10. g4 Nxc3 11. gxf5 Nd5 12. fxe6+ Kxe6 13. Bh3+ Ke7 14. Bg5+ Nf6 15. exf6+ Kd6 16. Qf4+ 1-0

[Event "Early-Titled-Tuesday-Blitz-March-12-2024"]
[Site "Chess.com"]
[Date "2024.03.12"]
[Round "2"]
[White "superchthonic"]
[Black "FairChess_on_YouTube"]
[Result "0-1"]
[WhiteElo "2719"]
[BlackElo "3124"]
[TimeControl "180+1"]
[EndTime "8:13:57 PDT"]
[Termination "FairChess_on_YouTube won by resignation"]

1. Nf3 b5 2. g3 Bb7 3. Bg2 Nf6 4. d3 e6 5. Nbd2 Be7 6. e4 d6 7. O-O O-O 8. Re1 c5 9. a4 b4 10. e5 dxe5 11. Nxe5 Bxg2 12. Kxg2 Nfd7 13. Qf3 Nxe5 14. Qxa8 Nec6 15. Qb7 Nd4 16. Rd1 Nbc6 17. c3 Qd5+ 18. f3 Rb8 19. Qa6 bxc3 20. bxc3 Nc2 21. Rb1 Ne3+ 22. Kg1 Rxb1 23. Nxb1 Nxd1 0-1

[Event "Early-Titled-Tuesday-Blitz-March-12-2024"]
[Site "Chess.com"]
[Date "2024.03.12"]
[Round "2"]
[White "guillembaches"]
[Black "ViktoriyaTarasova"]
[Result "1-0"]
[WhiteElo "2552"]
[BlackElo "2306"]
[TimeControl "180+1"]
[EndTime "8:14:09 PDT"]
[Termination "guillembaches won by resignation"]

1. d4 Nf6 2. Nf3 e6 3. Bg5 d5 4.
Nbd2 Bd6 5. e3 h6 6. Bh4 b6 7. c3 Bb7 8. Bd3 Nbd7 9. Qe2 O-O 10. e4 dxe4 11. Nxe4 Be7 12. Bg3 Nxe4 13. Bxe4 Bxe4 14. Qxe4 Nf6 15. Qe2 c5 16. dxc5 Bxc5 17. O-O Qe7 18. Ne5 Rac8 19. Qb5 Qb7 20. b4 Be7 21. Rac1 Nd5 22.
Qd3 Rfd8 23. Qf3 Qa8 24. Qxf7+ Kh7 25. Qg6+ Kg8 26. Qxe6+ Kh7 27. c4 Rd6 28. Qf5+ g6 29.
Qf7+ 1-0

[Event "Early-Titled-Tuesday-Blitz-March-12-2024"]
[Site "Chess.com"]
[Date "2024.03.12"]
[Round "2"]
[White "Polish_fighter3000"]
[Black "manitodeplomo"]
[Result "1-0"]
[WhiteElo "3124"]
[BlackElo "2712"]
[TimeControl "180+1"]
[EndTime "8:14:21 PDT"]
[Termination "Polish_fighter3000 won by resignation"]

1. c4 Nf6 2. g3 e6 3. Bg2 d5 4.
Nf3 Be7 5. O-O O-O 6. b3 b6 7. Bb2 Bb7 8. e3 Qc8 9. Qe2 dxc4 10. bxc4 c5 11. Nc3 Rd8 12. Rfd1 Nc6 13. Rac1 Na5 14. d3 Ne8 15. Ne4 Nd6 16. Nxd6 Bxd6 17. Ng5 Bxg2 18. Qh5 1-0

[Event "Early-Titled-Tuesday-Blitz-March-12-2024"]
[Site "Chess.com"]
[Date "2024.03.12"]
[Round "2"]
[White "xakevicius91"]
[Black "Akylbek2021"]
[Result "1-0"]
[WhiteElo "2566"]
[BlackElo "2327"]
[TimeControl "180+1"]
[EndTime "8:14:25 PDT"]
[Termination "xakevicius91 won by resignation"]

1. e4 Nc6 2. Nf3 e5 3. d4 exd4 4. Nxd4 Nxd4 5. Qxd4 d6 6. Nc3 Qf6 7. Qc4 c6 8. Be3 Be6 9. Qd3 Ne7 10. f4 Rd8 11.
Be2 g6 12. Bd4 Qxf4 13. Bxh8 d5 14. Qg3 Qh6 15. Bf6 d4 16. Nd1 1-0

[Event "Early-Titled-Tuesday-Blitz-March-12-2024"]
[Site "Chess.com"]
[Date "2024.03.12"]
[Round "2"]
[White "Zhigalko_Sergei"]
[Black "ccccvhhhj"]
[Result "1-0"]
[WhiteElo "2849"]
[BlackElo "2457"]
[TimeControl "180+1"]
[EndTime "8:14:26 PDT"]
[Termination "Zhigalko_Sergei won by resignation"]

1. e4 e6 2. d4 d5 3. e5 c5 4. c3 Nc6 5. Nf3 Bd7 6. Be2 Qc7 7. O-O f6 8. Bf4 O-O-O 9. Bg3 f5 10.
c4 Nge7 11. Nc3 cxd4 12. Nb5 Qb6 13. Nd6+ Kb8 14. Nf7 g6 15. Nxh8 Be8 16. Ng5 Na5 17.
Nhf7 Rc8 18. Nd6 dxc4 19. Nxe6 d3 20. Bf3 Bc6 21. Nxc8 Nxc8 22. Nxf8 1-0

[Event "Early-Titled-Tuesday-Blitz-March-12-2024"]
[Site "Chess.com"]
[Date "2024.03.12"]
[Round "2"]
[White "UnTucopalaTimba"]
[Black "MidnightFox"]
[Result "0-1"]
[WhiteElo "1985"]
[BlackElo "2480"]
[TimeControl "180+1"]
[EndTime "8:14:29 PDT"]
[Termination "MidnightFox won by resignation"]

1. e4 c5 2. Nf3 d6 3. Bb5+ Nd7 4. d4 Nf6 5. e5 Qa5+ 6. Nc3 Ne4 7. Bxd7+ Bxd7 8. Qd3 Nxc3 9. Qxc3 Qxc3+ 10. bxc3 e6 11.
O-O Bc6 12. Nd2 O-O-O 13. f4 Be7 14. a4 cxd4 15. cxd4 dxe5 16. dxe5 Rd4 17. Nb3 Rc4 18. Be3 Rxc2 19. Rf2 Rc3 20. Na5 Rxe3 21. Nxc6 bxc6 0-1

[Event "Early-Titled-Tuesday-Blitz-March-12-2024"]
[Site "Chess.com"]
[Date "2024.03.12"]
[Round "2"]
[White "Fighterman91"]
[Black "LogoCzar"]
[Result "1-0"]
[WhiteElo "2771"]
[BlackElo "2376"]
[TimeControl "180+1"]
[EndTime "8:14:32 PDT"]
[Termination "Fighterman91 won by checkmate"]

1. e4 c5 2. f3 f5 3. Nc3 e5 4. Bc4 a6 5. d3 b5 6. Bd5 Nc6 7. exf5 Nf6 8. Bg5 b4 9. Ne4 Be7 10. Bxf6 Bxf6 11. Nd6+ Kf8 12. Nf7 Qa5 13. Nxh8 e4 14.
fxe4 Bxb2 15. Bb3 Bc3+ 16. Kf1 Bxa1 17. Qxa1 c4 18. Bxc4 Ne5 19. Bd5 Nc6 20. f6 g6 21.
Qc1 Ke8 22. f7+ Ke7 23. Qg5+ Kd6 24. f8=Q+ Kc7 25. Nf7 Qa3 26. Qgd8+ Nxd8 27. Qxd8+ Kb8 28. Qb6+ Bb7 29. Qxb7# 1-0